 Dungeon Crawl Stone Soup version 0.23-a0-644-gb60d84b (webtiles) character file.

971 Flooderbenga the Cleaver (level 7, 60/66 HPs)
             Began as a Deep Dwarf Fighter on Jan 1, 2019.
             Was a Follower of Makhleb.
             Got out of the dungeon alive.
             The game lasted 00:25:23 (1214 turns).

Flooderbenga the Cleaver (Deep Dwarf Fighter)       Turns: 1214, Time: 00:25:24

Health: 60/66      AC:  6    Str: 21    XL:     7   Next: 94%
Magic:  11/11      EV:  7    Int:  9    God:    Makhleb [*.....]
Gold:   69         SH:  9    Dex: 12    Spells: 6/6 levels left

rFire    . . .     SeeInvis .   a - +1 war axe
rCold    . . .     Gourm    .   c - +0 shield
rNeg     . . .     Faith    .   b - +0 scale mail
rPois    .         Spirit   .   (no helmet)
rElec    .         Reflect  .   (no cloak)
rCorr    .         Harm     .   (no gloves)
MR       +....                  (no boots)
Stlth    ..........             (no amulet)
HPRegen  0.00/turn              l - ring of magical power
MPRegen  0.12/turn              (no ring)

@: non-regenerating
A: damage resistance, heal wounds, sense surroundings 1, no regeneration
a: Heal Wounds, Renounce Religion


You escaped.
You worshipped Makhleb.
Makhleb was aware of your devotion.
You were near starving.

You visited 1 branch of the dungeon, and saw 7 of its levels.

You collected 69 gold pieces.

Inventory:

Hand Weapons
 a - a +1 war axe (weapon)
 e - a +0 trident of piercing
 j - a +0 dagger of chaos
Missiles
 g - 45 stones (quivered)
Armour
 b - a +0 scale mail (worn)
 c - a +0 shield (worn)
Jewellery
 l - a ring of magical power (left hand)
Scrolls
 m - a scroll of amnesia {unknown}
 n - a scroll of identify {unknown}
 o - a scroll of magic mapping
Potions
 d - a potion of might {@q4}
 i - a potion of mutation {unknown}
 k - a potion of degeneration {unknown}
Comestibles
 f - 3 rations


   Skills:
 + Level 4.5 Fighting
 + Level 9.3 Axes
 - Level 3.2 Armour
 - Level 3.2 Shields


You had 6 spell levels left.
You didn't know any spells.
Your spell library was empty.

Dungeon Overview and Level Annotations

Branches:
Dungeon (7/15)
 Temple: D:4-7

Altars:
Fedhas
Hepliaklqana
Makhleb
Ru
Sif Muna
Xom
Yredelemnul
The Shining One

Annotations:
D:3 1 runed door


Innate Abilities, Weirdness & Mutations

You are resistant to damage.
You can heal yourself by infusing magical energy.
You passively map a small area around you.
You do not regenerate.


Message History

You climb upwards.
There is a stone staircase leading down here.
You see here 17 stones.
Things that are here:
a +0 club; a +0 dagger; a +0 whip You are near starving!
(D) Dungeon
Where to? (Enter - D:1 @ (x,y), ? - help)
Things that are here:
a stone; a +0 dagger You see here a stone.
There is a stone staircase leading up here.
You climb upwards.
There is a stone staircase leading down here.
There is an open door here.
There is an open door here.
There is a staircase leading out of the dungeon here.
You can't go down here!
Are you sure you want to leave the Dungeon?
This will make you lose the game!
You have escaped!

* * * * , * * * * , * *
,8, , , , , , ###+### *
#####.....# *, , *
#...#.....# ,, ,, ,
#.@.'..⌠..+, * , ,
#...#.....# * * *
#####.....# *** #######
###'### , *
......#####...# ####. *
*##........#..##......
####......###...........
*#..........###..##......
, #.##.......# #..#*
####.


There were no monsters in sight!

Vanquished Creatures
  Edmund (D:4)
  A black bear (D:6)
  A phantom (D:6)
  2 ogres
  A centaur (D:7)
  Blork the orc (D:4)
  2 bullfrogs (D:6)
  A gnoll sergeant (D:7)
  A scorpion (D:6)
  A howler monkey (D:5)
  2 crimson imps
  2 orc priests
  4 orc wizards
  A worker ant (D:5)
  A worker ant zombie (D:7)
  6 gnolls
  An adder (D:2)
  A worm (D:2)
  2 dart slugs
  5 leopard geckos
  8 orcs
  3 bats
  2 giant cockroaches (D:5)
  3 goblins
  4 hobgoblins
  6 jackals
  A quokka (D:3)
  3 ball pythons
  3 frilled lizards
  4 kobolds
  3 rats
77 creatures vanquished.

Vanquished Creatures (collateral kills)
  A centaur (D:5)
  An orc priest (D:5)
  A hound (D:4)
3 creatures vanquished.

Grand Total: 80 creatures vanquished

Notes
Turn   | Place    | Note
-------+----------+-------------------------------------------
     0 | D:1      | Flooderbenga the Deep Dwarf Fighter began the quest for the
                  | Orb.
     0 | D:1      | Reached XP level 1. HP: 20/20 MP: 1/1
    51 | D:2      | Reached skill level 3 in Axes
    55 | D:2      | Reached XP level 2. HP: 27/27 MP: 2/2
   193 | D:2      | Reached skill level 4 in Axes
   193 | D:2      | Reached XP level 3. HP: 28/33 MP: 3/3
   237 | D:3      | Found a faded altar of an unknown god.
   266 | D:3      | Became a worshipper of Hepliaklqana the Forgotten
   266 | D:3      | Reached * piety under Hepliaklqana
   275 | D:4      | Noticed Edmund
   281 | D:4      | Reached XP level 4. HP: 29/36 MP: 4/4
   298 | D:4      | Killed Edmund
   298 | D:4      | Reached skill level 6 in Axes
   298 | D:4      | Reached XP level 5. HP: 29/41 MP: 5/5
   311 | D:5      | Entered Level 5 of the Dungeon
   323 | D:5      | Found a blossoming altar of Fedhas.
   345 | D:5      | Noticed a centaur
   347 | D:5      | Reached skill level 7 in Axes
   347 | D:5      | Reached XP level 6. HP: 38/49 MP: 6/6
   401 | D:4      | Reached skill level 8 in Axes
   414 | D:4      | Found a burning altar of Makhleb.
   415 | D:4      | Found a shimmering altar of Xom.
   438 | D:4      | Fell from the grace of Hepliaklqana
   438 | D:4      | Became a worshipper of Makhleb the Destroyer
   448 | D:4      | Found a deep blue altar of Sif Muna.
   501 | D:4      | Noticed Blork the orc
   517 | D:4      | Killed Blork the orc
   552 | D:3      | Found a glowing golden altar of the Shining One.
   553 | D:3      | Found a runed door.
   553 | D:3      | Noticed an angel
   765 | D:6      | Found a basalt altar of Yredelemnul.
   770 | D:6      | Was forgiven by Hepliaklqana
   770 | D:6      | Reached XP level 7. HP: 47/62 MP: 7/7
   771 | D:6      | Found a sacrificial altar of Ru.
   781 | D:6      | Found a transporter.
   789 | D:6      | Found a transporter.
   924 | D:7      | Reached skill level 9 in Axes
   932 | D:7      | CatDragon: !beem
   932 | D:7      | beem: I'm a bot that sends commands to the DCSS IRC
                  | knowledge bots. For details, see
                  | https://github.com/gammafunk/beem/blob/master/docs/commands
                  | .md and to have me watch your games on this server, type:
                  | !subscribe
   932 | D:7      | CatDragon: !subscribe
   932 | D:7      | beem: Subscribed. I will now watch all games of user
                  | CatDragon
   963 | D:6      | Reached * piety under Makhleb
  1214 | D:$      | Got out of the dungeon alive.

Vault maps used:
D:1:      minmay_arrival_stair_chambers, dk_noncrumbling_3, minmay_heptomino_l4
D:2:      uniq_sigmund
D:3:      first_ration, chequers_ecumenical_altar_simple, lemuel_angel_altar,
          uniq_crazy_yiuf_cottage
D:4:      grunt_temple_overflow_champion_of_chaos, cheibriados_altar_1,
          led_sif_book, uniq_edmund, uniq_blork_the_orc, uniq_pikel
D:5:      fedhas_altar_fruit_tree
D:6:      gammafunk_temple_overflow_arena, serial_shops, nicolae_shop_stone,
          shop
D:7:      vehumet_crystals, minmay_temple_entry_mist

Skill      XL: |  1  2  3  4  5  6  7 |
---------------+----------------------+-----
Axes           | 3 4 6 7 8 9 |  9.3
Fighting       | 3 4 |  4.5
Armour         | |  3.2
Shields        | |  3.2

Action                   |  1- 3 |  4- 6 |  7- 9 || total
-------------------------+-------+-------+-------++-------
Melee: War axe           |    67 |   119 |    90 ||   276
Invok: Recall Ancestor   |       |     1 |       ||     1
 Abil: Heal Wounds       |       |     9 |    15 ||    24
  Use: Scroll            |       |     5 |     1 ||     6
Armor: Scale mail        |    27 |    40 |    46 ||   113
Dodge: Dodged            |    16 |    35 |    23 ||    74
Block: Shield            |    30 |    74 |    64 ||   168

Table legend:
 A = Non-vault XP
 B = Vault XP
 C = Vault XP percentage of total XP
 D = Non-vault monster count
 E = Vault monster count
 F = Vault count percentage of total count
                 A         B        C        D         E       F
            +---------+---------+-------+---------+---------+-------
      Total |     781 |     607 |  43.7 |      73 |       7 |   8.8
            +---------+---------+-------+---------+---------+-------
        D:1 |      10 |       0 |   0.0 |       4 |       0 |   0.0
        D:2 |      40 |       0 |   0.0 |      16 |       0 |   0.0
        D:3 |       5 |       0 |   0.0 |      13 |       0 |   0.0
        D:4 |      55 |     221 |  80.1 |       9 |       3 |  25.0
        D:5 |     336 |       0 |   0.0 |      13 |       0 |   0.0
        D:6 |     218 |     386 |  63.9 |      12 |       4 |  25.0
        D:7 |     117 |       0 |   0.0 |       6 |       0 |   0.0
            +---------+---------+-------+---------+---------+-------
